 Dungeon Crawl Stone Soup version 0.27.1-34-g3ba077fa99 (webtiles) character file.

Game seed: 9764706395898922609

519 multipassport the Skirmisher (level 7, -10/76 HPs)
             Began as an Ogre Fighter on Jan 16, 2022.
             Was a Follower of Zin.
             Mangled by an ogre (15 damage)
             ... on level 4 of the Dungeon.
             The game lasted 00:11:08 (5332 turns).

multipassport the Skirmisher (Ogre Fighter)         Turns: 5332, Time: 00:11:08

Health: -10/76     AC:  3    Str: 23    XL:     7   Next: 21%
Magic:  7/7        EV:  9    Int:  9    God:    Zin [*.....]
Gold:   44         SH:  9    Dex:  8    Spells: 6/6 levels left

rFire    + . .     SeeInvis .   g - +0 morningstar
rCold    . . .     Faith    .   b - +0 kite shield
rNeg     . . .     Spirit   .   a - +0 robe
rPois    .         Reflect  .   (helmet restricted)
rElec    .         Harm     .   (no cloak)
rCorr    .         Rampage  .   (gloves unavailable)
Will     .....                  (boots unavailable)
Stlth    +.........             (no amulet)
HPRegen  0.22/turn              f - ring of protection from fire
MPRegen  0.10/turn              (no ring)

@: lethally poisoned (-10 -> -16)
A: large, unfitting armour, tough skin 1
a: Renounce Religion, Recite, Donate Gold


You were on level 4 of the Dungeon.
You worshipped Zin.
Zin was aware of your devotion.
You visited 1 branch of the dungeon, and saw 4 of its levels.

You collected 99 gold pieces.
You donated 55 gold pieces to Zin.

Inventory:

Hand Weapons
 g - a +0 morningstar (weapon)
Armour
 a - a +0 robe (worn)
 b - a +0 kite shield (worn)
Jewellery
 f - a ring of protection from fire (left hand)
Wands
 s - a wand of flame (13)
Scrolls
 d - a scroll of fog {unknown}
 e - 2 scrolls of identify {unknown}
 j - a scroll of teleportation {unknown}
 k - a scroll of blinking {unknown}
 l - 2 scrolls of amnesia {unknown}
 n - a scroll of silence {unknown}
 o - a scroll of enchant armour {unknown}
 q - a scroll of enchant weapon {unknown}
 r - a scroll of torment {unknown}
 t - a scroll of vulnerability {unknown}
Potions
 c - a potion of brilliance {unknown}
 h - a potion of lignification {unknown}
 i - a potion of heal wounds {unknown}
 m - a potion of berserk rage {unknown}
 p - a potion of resistance {unknown}


   Skills:
 + Level 6.7 Fighting
 + Level 1.7 Maces & Flails
 + Level 4.5 Dodging
 + Level 4.5 Shields
 - Level 1.8 Unarmed Combat


You had 6 spell levels left.
You didn't know any spells.
Your spell library contained the following spells:

 Spells                   Type           Power      Damage    Failure   Level
 Slow                     Hex            0%         N/A       85%         2
 Portal Projectile        Hex/Tloc       0%         N/A       97%         3
 Stone Arrow              Conj/Erth      0%         3d7       97%         3
 Cause Fear               Hex            0%         N/A       100%        4
 Iskenderun's Mystic Bla  Conj/Tloc      0%         2d3       100%        4
 Bolt of Magma            Conj/Fire/Erth 0%         4d4       100%        5
 Dispersal                Tloc           0%         N/A       100%        6
 Shatter                  Erth           0%         3d5*      100%        9


Dungeon Overview and Level Annotations

Branches:
Dungeon (4/15)
 Temple: D:4-7

Altars:
Elyvilon
Fedhas
Makhleb
Sif Muna
Uskayaw
Zin

Shops:
D:3 !


Innate Abilities, Weirdness & Mutations

You are too large for most types of armour.
You have tough skin. (AC +1)


Message History

t - a scroll labelled JEHOATHR ARUYSOING
Found a stone staircase leading down.
An ogre comes into view. It is wielding a +0 giant club.
The ogre shouts!
You barely miss the ogre. You block the ogre's attack.
The ogre hits you with a +0 giant club!
You barely miss the ogre.
The ogre hits you with a +0 giant club!!
You barely miss the ogre. The ogre hits you with a +0 giant club!
* * * LOW HITPOINT WARNING * * *
There is a stone staircase leading down here.
There is a stone staircase leading up here.
There is a stone staircase leading up here.
There is a stone staircase leading up here.
An adder comes into view.
The adder hisses angrily.
You completely miss the adder. You block the adder's attack.
You block the ogre's attack. The adder bites you but does no damage.
You miss the adder. The adder bites you but does no damage.
The ogre hits you with a +0 giant club!!
* * * LOW HITPOINT WARNING * * *
You block the adder's attack. The ogre hits you but does no damage.
You miss the adder.
You block the adder's attack. x2; The ogre misses you.
You barely miss the adder. The adder bites you.
* * * LOW HITPOINT WARNING * * *
You are poisoned.
The adder poisons you! The ogre hits you with a +0 giant club!
* * * LOW HITPOINT WARNING * * *
You block the adder's attack.
You closely miss the adder.
You feel sick. You block the adder's attack. The ogre closely misses you.
The adder bites you.
* * * LOW HITPOINT WARNING * * *
You are lethally poisoned!
The adder poisons you!
You puncture the adder!
You kill the adder!
* * * LOW HITPOINT WARNING * * *
You feel very sick. The ogre hits you with a +0 giant club!
You die...

#<# #.#
#.# ## #.#
.# #.# .#
# #.# .#
##. #.# .#
##...###.#
.#
#.....@O.#
##
#....#####
..... ##.#
.. #


You could see an ogre.

Vanquished Creatures
  An ogre (D:3)
  A bullfrog (D:4)
  A water moccasin skeleton (D:4)
  A howler monkey (D:4)
  Terence (D:3)
  An orc wizard (D:4)
  Natasha (thrice) (D:3)
  4 gnolls (D:4)
  6 adders
  An adder skeleton (D:3)
  A worm (D:3)
  2 dart slugs
  5 orcs
  2 ball pythons
  8 endoplasms
  A giant cockroach (D:3)
  8 goblins
  5 hobgoblins
  5 quokkas
  4 bats
  7 kobolds
  A quokka skeleton (D:4)
  5 rats
74 creatures vanquished.

Notes
Turn   | Place    | Note
-------+----------+-------------------------------------------
     0 | D:1      | multipassport the Ogre Fighter began the quest for the Orb.
     0 | D:1      | Reached XP level 1. HP: 24/24 MP: 1/1
   113 | D:1      | Got the Incunabulum of the Voyage and Beguiling
   339 | D:1      | Reached XP level 2. HP: 24/32 MP: 2/2
  1429 | D:2      | Reached XP level 3. HP: 40/40 MP: 3/3
  1486 | D:2      | Found a glowing silver altar of Zin.
  1641 | D:2      | Became a worshipper of Zin the Law-Giver
  2416 | D:3      | Found Temisios's Distillery.
  2420 | D:3      | Noticed an ogre
  2807 | D:3      | Noticed Terence
  2815 | D:3      | Killed Terence
  2816 | D:3      | Reached skill level 5 in Fighting
  2816 | D:3      | Reached XP level 4. HP: 29/50 MP: 4/4
  2969 | D:3      | Reached * piety under Zin
  3429 | D:3      | Killed an ogre
  3430 | D:3      | Reached XP level 5. HP: 59/59 MP: 5/5
  3464 | D:3      | Found a shimmering blue altar of Sif Muna.
  3504 | D:3      | Noticed Natasha
  3512 | D:3      | Killed Natasha
  3907 | D:3      | Noticed Natasha
  3920 | D:3      | Killed Natasha
  3921 | D:3      | Reached XP level 6. HP: 48/67 MP: 6/6
  4015 | D:3      | Found a faded altar of an unknown god.
  4015 | D:3      | Found a blossoming altar of Fedhas.
  4022 | D:3      | Found a hide-covered altar of Uskayaw.
  4024 | D:3      | Found a burning altar of Makhleb.
  4026 | D:3      | Found a white marble altar of Elyvilon.
  4102 | D:3      | Noticed Natasha
  4108 | D:3      | Killed Natasha
  4109 | D:3      | Reached skill level 6 in Fighting
  4296 | D:4      | Reached skill level 1 in Maces & Flails
  4812 | D:4      | Reached XP level 7. HP: 55/76 MP: 7/7
  4997 | D:4      | Donated 46 gold pieces to Zin
  5332 | D:4      | Mangled by an ogre

Illustrated notes

Levels and vault maps discovered:
D:1:      dpeg_chamrin_arrival_tetris, layout_loops_ring
D:2:      layout_loops_ring, basic_altar
D:3:      layout_loops_ring, chequers_temple_overflow_minitemple,
          mainiacjoe_overflow_six_doors_small, serial_shops, shop,
          grunt_ministairs_1, minmay_checkerbox, uniq_terence, uniq_natasha
D:4:      layout_loops_ring

Skill      XL: |  1  2  3  4  5  6 |
---------------+-------------------+-----
Shields        | 3 4 |  4.5
Dodging        | 3 4 |  4.5
Fighting       | 5 6 |  6.7
Maces & Flails | 1 |  1.7
Unarmed Combat | |  1.8

Action                   |  1- 3 |  4- 6 |  7- 9 || total
-------------------------+-------+-------+-------++-------
Melee: Whip              |   148 |       |       ||   148
       Unarmed           |     1 |       |       ||     1
       Flail             |     6 |       |       ||     6
       Morningstar       |       |   147 |    29 ||   176
Invok: Donate Gold       |       |       |     1 ||     1
  Use: Potion            |       |     1 |       ||     1
 Stab: Sleeping          |       |     3 |       ||     3
Armor: Robe              |    41 |    33 |     9 ||    83
Dodge: Dodged            |    60 |    57 |    12 ||   129
Block: Kite shield       |    76 |    72 |    17 ||   165
